 Dungeon Crawl Stone Soup version 0.29-a0-221-gceb61267dd (webtiles) character file.

Game seed: 3824060130692384814

6204 tognito the Cleaver (level 10, -2/99 HPs)
             Began as a Minotaur Berserker on Feb 26, 2022.
             Was an Elder of Trog.
             Killed from afar by an electric eel (16 damage)
             ... with a bolt of electricity
             ... on level 10 of the Dungeon.
             The game lasted 00:22:09 (12022 turns).

tognito the Cleaver (Minotaur Berserker)           Turns: 12022, Time: 00:22:11

Health: -2/99      AC: 15    Str: 26    XL:     10   Next: 61%
Magic:  9/9        EV: 11    Int:  4    God:    Trog [****..]
Gold:   662        SH:  0    Dex: 10    Spells: 9/9 levels left

rFire   . . .      SeeInvis .   b - +3 dire flail
rCold   + . .      Faith    .   (shield currently unavailable)
rNeg    + . .      Spirit   .   y - +0 chain mail {rPois}
rPois   +          Reflect  .   (helmet restricted)
rElec   .          Harm     .   (no cloak)
rCorr   .          Rampage  .   m - +0 pair of gloves
Will    .....                   B - +2 pair of boots
Stlth   ..........              (no amulet)
HPRegen 0.26/turn               i - ring of positive energy
MPRegen 0.11/turn               p - ring of protection from cold

@: no status effects
A: horns 2, retaliatory headbutt, sense surroundings 1, robust 1
a: Renounce Religion, Berserk, Trog's Hand, Brothers in Arms


You were on level 10 of the Dungeon.
You worshipped Trog.
Trog was greatly pleased with you.
You visited 1 branch of the dungeon, and saw 10 of its levels.
You also visited: Sewer.

You collected 662 gold pieces.

Inventory:

Hand Weapons
 a - a +0 war axe
 b - a +3 dire flail (weapon)
Missiles
 e - 11 poisoned darts
 f - 4 javelins (quivered)
 q - 4 boomerangs
Armour
 l - a +0 pair of boots
 m - a +0 pair of gloves (worn)
 y - a +0 chain mail of poison resistance (worn)
 B - a +2 pair of boots (worn)
Jewellery
 i - a ring of positive energy (left hand)
 n - a ring of protection from fire
 p - a ring of protection from cold (right hand)
Wands
 r - a wand of digging (7)
 s - a wand of flame (29)
Scrolls
 c - 2 scrolls of noise {unknown}
 g - 2 scrolls of silence
 h - 5 scrolls of teleportation
 j - a scroll of enchant armour
 k - 4 scrolls of fog
 o - 4 scrolls of identify
 u - 4 scrolls of magic mapping
 z - a scroll of fear {unknown}
Potions
 d - a potion of heal wounds
 t - a potion of resistance
 v - 2 potions of haste
 w - a potion of flight
 x - a potion of magic
 A - 2 potions of might
 C - a potion of curing


   Skills:
 + Level 8.8 Fighting
 * Level 11.9 Axes
 + Level 6.3 Throwing
 + Level 8.2 Armour
 + Level 7.4 Dodging


You had 9 spell levels left.
You didn't know any spells.
Your spell library was empty.

Dungeon Overview and Level Annotations

Branches:
Dungeon (10/15)            Temple (0/1) D:5            Lair (0/6) D:8
  Sewer (visited)
    Orc: D:9-12

Altars:
Makhleb
The Shining One

Shops:
D:6 =


Innate Abilities, Weirdness & Mutations

You have a pair of horns on your head.
You reflexively headbutt those who attack you in melee.
You passively map a small area around you.
You are robust. (+10% HP)


Message History

You puncture the orc priest!
You kill the orc priest!
Trog accepts your kill.
The orc priest invokes the aid of Beogh against you.
Pain shoots through your body!
Things that are here:
a +0 club; a +0 leather armour You completely miss the orc priest.
You headbutt the orc priest!
The orc priest is severely wounded.
The orc priest mumbles some strange prayers to Beogh against you.
Pain shoots through your body!
You sock the orc priest!
You kill the orc priest!
Trog accepts your kill.
The electric eel shoots out a bolt of lightning at you!
The bolt of electricity hits you!
The electric eel shoots out a bolt of lightning at you!
The bolt of electricity hits you!
Things that are here:
a +0 club; an orc corpse The electric eel shoots out a bolt of lightning at you!
The bolt of electricity hits the electric eel.
The electric eel completely resists.
The bolt of electricity hits you.
* * * LOW HITPOINT WARNING * * *
The bolt of electricity hits you!
* * * LOW HITPOINT WARNING * * *
The bolt of electricity hits the electric eel.
The electric eel completely resists.
The bolt of electricity hits the electric eel.
The electric eel completely resists.
You sock the electric eel!
The electric eel is almost dead.
An electric eel comes into view.
You hit the electric eel.
You kill the electric eel!
Trog accepts your kill.
The electric eel shoots out a bolt of lightning at you!
The bolt of electricity hits the electric eel.
The electric eel completely resists.
The bolt of electricity hits you!
You die...

.## ... ,..♣≈≈≈≈ #.# ,
.≈≈PP≈S≈ *, #.#*,
....... , , ,
,#.##...≈≈≈≈≈≈ ≈ ≈ , *
#.##.##≈≈≈≈≈≈≈** ≈ * ,*
#<......≈P≈So **≈≈ * *
,,#.##.####≈≈♣S♣#####P♣
,#..#.# #..@....... ,
##.#.# #.#)####### * *
*#.#.#### #,#)# *,,
#.#....# #)# , #...##.#
#.# * ##..##.# * #.# ,*
#.>##.# * #$# , #####.#
*,#.# #.# #.#


You could see 3 electric eels and an orc.

Vanquished Creatures
  A queen bee (D:9)
  The ghost of p0werm0de the Chopper, an amateur DDCK of Jiyva (D:4)
  A hornet (D:9)
  Grinder (Sewer)
  2 wyverns (D:9)
  Eustachio (D:4)
  Menkaure (D:7)
  3 water moccasins (D:7)
  A black bear (D:6)
  3 sky beasts
  An orc warrior (D:9)
  4 necrophages
  2 centaurs
  An ogre (D:3)
  A phantom (Sewer)
  A gnoll sergeant (D:9)
  4 bullfrogs
  A wyvern zombie (D:6)
  2 scorpions
  A water moccasin zombie (D:6)
  5 wights
  23 killer bees (D:9)
  4 howler monkeys
  An electric eel (D:10)
  A bullfrog zombie (D:6)
  A centaur zombie (D:6)
  2 bullfrog skeletons (D:6)
  5 orc priests
  6 hounds
  A jelly (D:4)
  A gnoll shaman (D:4)
  2 iguanas (D:6)
  Ijyb (D:4)
  Natasha (thrice) (D:4)
  3 orc wizards
  18 gnolls
  6 adders
  5 shadow imps
  A white imp (D:7)
  4 ufetubi (Sewer)
  5 worms
  2 dart slugs (D:1)
  21 orcs
  11 ball pythons
  11 endoplasms
  5 giant cockroaches
  7 hobgoblins
  3 jackals (D:5)
  15 kobolds
  5 quokkas
  7 bats
  4 frilled lizards
  2 giant cockroach zombies (Sewer)
  11 goblins
  A kobold zombie (Sewer)
  3 rats
239 creatures vanquished.

Vanquished Creatures (collateral kills)
  A centaur (D:6)
  A wyvern zombie (D:6)
  3 wights (D:6)
5 creatures vanquished.

Vanquished Creatures (others)
  A plant (D:10)
1 creature vanquished.

Grand Total: 245 creatures vanquished

Notes
Turn   | Place    | Note
-------+----------+-------------------------------------------
     0 | D:1      | tognito the Minotaur Berserker began the quest for the Orb.
     0 | D:1      | Reached XP level 1. HP: 19/19 MP: 0/0
    77 | D:1      | Reached XP level 2. HP: 27/27 MP: 1/1
   150 | D:1      | Reached skill level 4 in Axes
   589 | D:1      | Reached XP level 3. HP: 32/33 MP: 2/2
   954 | D:2      | Found a faded altar of an unknown god.
  1030 | D:2      | Gained mutation: You are robust. (+10% HP) [potion of
                  | mutation]
  1030 | D:2      | Gained mutation: You passively map a small area around you.
                  | [potion of mutation]
  1111 | D:2      | Reached ** piety under Trog
  1627 | D:2      | Reached skill level 1 in Throwing
  1809 | D:3      | Reached XP level 4. HP: 44/44 MP: 3/3
  2361 | D:3      | Noticed an ogre
  2368 | D:3      | Reached skill level 5 in Axes
  2368 | D:3      | Killed an ogre
  2369 | D:3      | Reached XP level 5. HP: 51/51 MP: 4/4
  2715 | D:4      | Noticed Eustachio
  2729 | D:4      | Killed Eustachio
  2730 | D:4      | Reached XP level 6. HP: 60/60 MP: 5/5
  2796 | D:4      | Noticed Ijyb
  2806 | D:4      | Killed Ijyb
  2849 | D:4      | Reached skill level 6 in Axes
  2891 | D:4      | Found a glowing golden altar of the Shining One.
  2893 | D:4      | Found a runed translucent door.
  2894 | D:4      | Found a burning altar of Makhleb.
  2895 | D:4      | Noticed Natasha
  2903 | D:4      | Killed Natasha
  2996 | D:4      | Reached skill level 5 in Fighting
  3098 | D:4      | Noticed Natasha
  3113 | D:4      | Killed Natasha
  3114 | D:4      | Reached XP level 7. HP: 67/67 MP: 6/6
  3343 | D:4      | Reached *** piety under Trog
  3579 | D:4      | Noticed p0werm0de's ghost (amateur DDCK)
  3601 | D:4      | Noticed Natasha
  3611 | D:4      | Killed Natasha
  3647 | D:4      | Identified the +4 robe of the Lily {Int+3 Dex+4}
  3971 | D:4      | Killed p0werm0de's ghost
  3972 | D:4      | Reached skill level 7 in Axes
  4012 | D:5      | Entered Level 5 of the Dungeon
  4089 | D:5      | Found a glowing drain.
  4102 | Sewer    | Entered a sewer
  4351 | Sewer    | Found an ancient bone altar of Kikubaaqudgha.
  4364 | Sewer    | Noticed Grinder
  4367 | Sewer    | Reached skill level 5 in Armour
  4373 | Sewer    | Killed Grinder
  4374 | Sewer    | Reached XP level 8. HP: 77/77 MP: 7/7
  4397 | Sewer    | Reached skill level 8 in Axes
  4773 | D:5      | Reached skill level 5 in Dodging
  4923 | D:5      | Found a staircase to the Ecumenical Temple.
  5145 | D:5      | Reached **** piety under Trog
  5662 | D:6      | Found Fesyudd's Jewellery Boutique.
  5755 | D:6      | Reached skill level 9 in Axes
  5794 | D:6      | Reached XP level 9. HP: 70/85 MP: 8/8
  6771 | D:7      | Reached skill level 5 in Throwing
  6830 | D:7      | Reached skill level 10 in Axes
  7291 | D:7      | Noticed Menkaure
  7300 | D:7      | Killed Menkaure
  8551 | D:8      | Found a staircase to the Lair.
  8860 | D:8      | Reached XP level 10. HP: 66/91 MP: 9/9
 10083 | D:9      | Reached skill level 11 in Axes
 11951 | D:10     | Entered Level 10 of the Dungeon
 12022 | D:10     | Killed from afar by an electric eel

Illustrated notes

Levels and vault maps discovered:
D:1:      amcnicky_arrival_gap_in_the_tavern_cellar, layout_rooms,
          serial_forest, infiniplex_forest_end_1, infiniplex_forest_straight_4,
          infiniplex_forest_clump_curved, infiniplex_forest_lined_room_3,
          infiniplex_forest_straight_2, minmay_misc_feat_iff,
          kennysheep_crisscross
D:2:      layout_loops_ring, serial_glass, glass_columns_a, glass_columns_b,
          glass_columns_a, glass_columns_a, glass_columns_a, glass_columns_a,
          nicolae_ecumenical_oubliette
D:3:      layout_rooms, minmay_pentangle
D:4:      layout_basic, chequers_temple_overflow_statue_of_worship,
          ebering_ghost_reflecting_pool, uniq_natasha, uniq_ijyb, uniq_eustachio
D:5:      layout_basic, minmay_temple_entry_junction_2, portal_sewer_entry_d,
          kennysheep_flooded_box, corner_web_ring
D:6:      layout_gridville, serial_shops, nicolae_lakefront_shop, serial_undead,
          serial_undead_b, serial_undead_c, serial_undead_e, serial_undead_b
D:7:      layout_layer_cave, kennysheep_generic_room_7, uniq_menkaure
D:8:      layout_layer_cave, dpeg_oklobed_lair
D:9:      layout_basic, enter_bailey_1, minivault_7
D:10:     layout_basic, serial_rivers, chequers_serial_rivers_room_a,
          chequers_serial_rivers_large_a, chequers_serial_rivers_small_b,
          chequers_serial_rivers_micro_c, serial_bayou_lagoon_b

Skill      XL: |  1  2  3  4  5  6  7  8  9 10 |
---------------+-------------------------------+-----
Axes           | 4 5 6 7 9 10 11 | 11.9
Fighting       | 4 5 6 7 8 |  8.8
Throwing       | 1 2 3 4 5 6 |  6.3
Armour         | 3 4 5 6 7 8 |  8.2
Dodging        | 3 4 5 6 7 |  7.4

Action                   |  1- 3 |  4- 6 |  7- 9 | 10-12 || total
-------------------------+-------+-------+-------+-------++-------
Melee: Hand axe          |    76 |    95 |   317 |       ||   488
       Headbutt          |    16 |    17 |    55 |    22 ||   110
       Punch             |     1 |     2 |     3 |       ||     6
       War axe           |       |       |    43 |   156 ||   199
       Dire flail        |       |       |       |    18 ||    18
Throw: Dart              |       |       |    26 |       ||    26
       Javelin           |       |       |    12 |       ||    12
       Throwing net      |       |       |     1 |       ||     1
Invok: Berserk           |       |     4 |     3 |     1 ||     8
       Trog's Hand       |       |       |     1 |       ||     1
       Brothers in Arms  |       |       |     1 |       ||     1
  Use: Potion            |     4 |       |     8 |     2 ||    14
       Scroll            |       |       |     8 |     1 ||     9
Armor: Chain mail        |    39 |    44 |   216 |   120 ||   419
       Scale mail        |     1 |       |       |       ||     1
Dodge: Dodged            |    37 |    45 |   166 |   120 ||   368

Table legend: (Time is in decaauts)
 A = Elapsed time spent in this place.
 B = Non-inter-level travel time spent in this place.
 C = Inter-level travel time spent in this place.
 D = Time resting spent in this place.
 E = Time spent auto-exploring this place.
 F = Levels seen in this place.
 G = Mean time per level.
                   A        B        C        D        E       F      G
               +--------+--------+--------+--------+--------+-----+--------+
         Total |  12049 |  11672 |    377 |     48 |   9886 |  11 | 1095.4 |
       Dungeon |  11496 |  11119 |    377 |     48 |   9480 |  10 | 1149.6 |
         Sewer |    552 |    552 |      0 |      0 |    406 |   1 |  552.0 |
               +--------+--------+--------+--------+--------+-----+--------+

Top non-repeatable levels by time:
     D:9: 2058 daAuts
     D:8: 1632 daAuts
     D:7: 1626 daAuts
     D:4: 1366 daAuts
     D:6: 1101 daAuts
     D:3: 957 daAuts
     D:5: 928 daAuts
     D:2: 900 daAuts
     D:1: 854 daAuts
   Sewer: 552 daAuts
    D:10: 69 daAuts
